 Seeded DCSS version 0.30.1-4-g462c640d31 (webtiles) character file.

Game seed: 6351066067085065685 (custom seed)

9 Esekla the Grave Robber (level 2, 0/15 HPs)
             Began as a Deep Elf Necromancer on Sept 5, 2023.
             Was an Initiate of Vehumet.
             Slain by a kobold
             ... wielding a +1 short sword of freezing
              (2 damage)
             ... on level 4 of the Dungeon.
             The game lasted 00:05:21 (881 turns).

Esekla the Grave Robber (Deep Elf Necromancer)       Turns: 881, Time: 00:05:22

Health: 0/15       AC:  3    Str:  5    XL:     2   Next: 6%
Magic:  8/8        EV: 12    Int: 19    God:    Vehumet [......]
Gold:   69         SH:  0    Dex: 15    Spells: 6/7 levels left

rFire   . . .        c - +0 short sword
rCold   . . .        (no shield)
rNeg    . . .        a - +0 robe
rPois   .            j - +0 helmet
rElec   .            (no cloak)
rCorr   .            (no gloves)
SInv    .            (no boots)
Will    .....        (no amulet)
Stlth   ++           (no ring)
HPRegen 0.22/turn    (no ring)
MPRegen 0.11/turn

%: no passive effects
@: no status effects
A: no striking features
a: Renounce Religion


You were on level 4 of the Dungeon.
You worshipped Vehumet.
Vehumet was noncommittal.
You visited 1 branch of the dungeon, and saw 5 of its levels.

You collected 69 gold pieces.

Inventory:

Hand Weapons
 c - a +0 short sword (weapon)
Armour
 a - a +0 robe (worn)
 j - a +0 helmet (worn)
Wands
 f - a wand of roots (8)
 l - a wand of flame (15)
Scrolls
 h - 2 scrolls of identify {unknown}
Potions
 b - a potion of magic
 d - a potion of ambrosia {unknown}
 e - a potion of attraction {unknown}
 g - a potion of haste {unknown}
 i - a potion of curing {unknown}
 k - a potion of mutation {unknown}


   Skills:
 * Level 2.6 Dodging
 + Level 2.6 Stealth
 * Level 3.1 Spellcasting
 + Level 5.1 Necromancy


You had 6 spell levels left.
You knew the following spells:

 Your Spells              Type           Power      Damage    Failure   Level
a - Necrotise             Necr           88%        1d8       1%          1

Your spell library contained the following spells:

 Spells                   Type           Power      Damage    Failure   Level
 Vampiric Draining        Necr           22%        2d7       5%          3
 Animate Dead             Necr           22%        N/A       19%         4
 Agony                    Necr           22%        N/A       45%         5


Dungeon Overview and Level Annotations

Branches:
Dungeon (5/15)
 Temple: D:4-7

Altars:
Okawaru
Qazlal
Vehumet
Zin

Shops:
D:2 =


Message History

Found a fluorescent wand.
l - a wand of flame (15)
Found a mace.
Found an escape hatch in the floor.
There is a stone staircase leading up here.
An iguana comes into view.
There is a stone staircase leading up here.
You climb upwards.
There is a stone staircase leading down here.
The kobold throws a stone.
The stone closely misses you.
The kobold throws a stone.
The stone hits you but does no damage.
The kobold throws a stone.
The stone barely misses you.
The kobold throws a stone.
The stone barely misses you.
The kobold throws a stone.
The stone hits you but does no damage.
You start waiting.
A kobold is nearby!
There is an open door here.
There is a radiant altar of Vehumet here.
You kneel at the altar of Vehumet.
Vehumet welcomes you!
You miss the kobold. The kobold misses you.
You hit the kobold.
The kobold is moderately wounded.
The kobold misses you.
You closely miss the kobold.
The kobold is moderately wounded.
The kobold hits you with a +1 short sword of freezing.
The kobold freezes you.
You hit the kobold but do no damage.
The kobold is moderately wounded.
The kobold barely misses you.
You closely miss the kobold.
The kobold is moderately wounded.
The kobold hits you with a +1 short sword of freezing.
The kobold freezes you.
You barely miss the kobold.
The kobold is moderately wounded.
The kobold hits you with a +1 short sword of freezing.
* * * LOW HITPOINT WARNING * * *
The kobold freezes you.
You die...

..........### .....
.............####.....
...##.................
.................#+####
.......................
.#####..............##
#.#'....##.......#
#.K##...##.......#
#_@.#....#.......#
#########....+.......## .
#.._#_..#....#.........
..####+#####..#..##.............#
.........'.'#.#.#'..#...K..#.....
.......###..#####...#............
.......###..........#............
.....#.##................#.......
.#####.##..........##....#.#+####


You could see a kobold.

Vanquished Creatures
  An adder (D:2)
  A kobold (D:1)
2 creatures vanquished.

Notes
Turn   | Place    | Note
-------+----------+-------------------------------------------
     0 | D:1      | Esekla the Deep Elf Necromancer began the quest for the
                  | Orb.
     0 | D:1      | Reached XP level 1. HP: 10/10 MP: 6/6
   153 | D:2      | Found Renulab's Jewellery Shop.
   287 | D:2      | Reached skill level 5 in Necromancy
   287 | D:2      | Reached XP level 2. HP: 10/15 MP: 8/8
   480 | D:3      | Found a stormy altar of Qazlal.
   641 | D:4      | Found a radiant altar of Vehumet.
   652 | D:4      | Found an iron altar of Okawaru.
   663 | D:4      | Found a glowing silver altar of Zin.
   800 | D:5      | Entered Level 5 of the Dungeon
   874 | D:4      | Became a worshipper of Vehumet
   881 | D:4      | Slain by a kobold

Illustrated notes

Levels and vault maps discovered:
D:1:      sevenhm_arrival_forest_fort_small_3, layout_rooms,
          chequers_serial_rivers_room_b, minmay_misc_feat_five
D:2:      layout_loops_ring, dreamdust_ecumenical_altar_angels_and_demons,
          serial_shops, shop
D:3:      layout_basic, grunt_temple_overflow_open, minmay_misc_feat_iff
D:4:      layout_basic, nicolae_overflow_quartered_altars, serial_shops,
          nicolae_diamond_shop
D:5:      layout_loops_ring, lemuel_doored_altar, minmay_misc_feat_rows,
          dreamdust_wishing_well

Skill      XL: |  1 |
---------------+----+-----
Necromancy     | 5 |  5.1
Dodging        | |  2.6
Stealth        | |  2.6
Spellcasting   | |  3.1

Action                     || total
---------------------------++-------
  Melee: Unarmed           ||     9
         Short sword       ||     7
  Evoke: Wand              ||     1
    Use: Scroll            ||     1
 Armour: Robe              ||     8
  Dodge: Dodged            ||    20
